 Dungeon Sprint DCSS version 0.21-a0-203-gb066a6e (webtiles) character file.

24 Letos the Carver (level 6, -3/47 HPs)
             Began as a Formicid Fighter on Aug 20, 2017.
             Was an Initiate of Gozag.
             Slain by a neqoxec (10 damage)
             ... in the Dungeon (Sprint VI: "Thunderdome").
             The game lasted 00:01:38 (257 turns).

Letos the Carver (Formicid Fighter)                  Turns: 257, Time: 00:01:39

Health: -3/47      AC:  6    Str: 20    XL:     6   Next: 16%
Magic:  6/6        EV:  9    Int:  8    God:    Gozag
Gold:   312        SH: 11    Dex: 10    Spells: 5/5 levels left

rFire    . . .     SeeInvis +   a - +0 long sword
rCold    . . .     Gourm    .   c - +0 shield
rNeg     . . .     Faith    .   b - +0 scale mail
rPois    .         Spirit   .   (helmet unavailable)
rElec    .         Reflect  .   (no cloak)
rCorr    .         Harm     .   (no gloves)
MR       .....                  (no boots)
Stlth    ..........             d - amulet of regeneration
HPRegen  0.15/turn              (no ring)
MPRegen  0.10/turn              (no ring)

@: no status effects
A: permanent stasis, dig shafts and tunnels, four strong arms, antennae 3,
clumsy 1
a: Dig, Potion Petition, Call Merchant, Bribe Branch, Renounce Religion


You were in the Dungeon.
You worshipped Gozag.
Gozag was aware of your devotion.
You were not hungry.

You visited 1 branch You collected 762 gold pieces.
You spent 450 gold pieces at shops.

Inventory:

Hand Weapons
 a - a +0 long sword (weapon)
Armour
 b - a +0 scale mail (worn)
 c - a +0 shield (worn)
Jewellery
 d - an amulet of regeneration (around neck)
Wands
 l - a wand of acid (5/15)
 m - a wand of iceblast (5/15)
Scrolls
 n - 3 scrolls of fog
Potions
 e - a potion of curing
 g - 4 potions of heal wounds
 i - 2 potions of magic
 o - a potion of resistance
Comestibles
 f - a bread ration


   Skills:
 - Level 3.2 Fighting
 * Level 9.8 Long Blades
 - Level 3.2 Armour
 + Level 8.8 Shields


You had 5 spell levels left.
You didn't know any spells.

Dungeon Overview and Level Annotations

Branches:
Dungeon (1/1)

Altars:
Cheibriados
Fedhas
Gozag
Kikubaaqudgha
Okawaru
Qazlal
Sif Muna
Uskayaw
Vehumet
Wu Jian
Xom
Yredelemnul
Zin
The Shining One
Jiyva
Lugonu

Shops:
D *[%??*?*:[((


Innate Abilities, Weirdness & Mutations

You cannot be hasted, slowed, berserked, paralysed or teleported.
You can dig through walls and to a lower floor.
Your four strong arms can wield two-handed weapons with a shield.
You have a pair of large antennae on your head. (SInv)
You are clumsy. (Dex -2)


Message History

The neqoxec hits you!
* * * LOW HITPOINT WARNING * * *
You hit the neqoxec but do no damage.
The neqoxec gestures.
You barely miss the neqoxec. You block the neqoxec's attack.
You slash the neqoxec!
The neqoxec is moderately wounded.
The iron imp shouts, "Scamper hence, thou churlish ill-nurtured snake-molt!"
You closely miss the neqoxec.
The neqoxec is moderately wounded.
You block the neqoxec's attack. The neqoxec hits you!
* * * LOW HITPOINT WARNING * * *
You slash the neqoxec!
The neqoxec is heavily wounded.
The neqoxec gestures at you.
Strange energies course through your body.
You feel clumsy.
The crimson imp blinks!
The neqoxec hits you!
You die...
Your body crumbles into a pile of gold.

.........###...#
............###......
#∩........8.# .8....
#∩.__......###......
######.8.........8.#
#⌠...........⌠#
###...5.....###
#_....§.._#
#_..3@3.._#
#_....5.._#
#∩.......∩#
##∩.....∩## ##.....##
##⌠⌠⌠## #####


You could see 2 neqoxecs, an iron imp and a crimson imp.

Vanquished Creatures
  A water moccasin (D)
  2 jellies (D)
  4 adders (D)
  3 oozes (D)
10 creatures vanquished.

Notes
Turn   | Place    | Note
-------+----------+-------------------------------------------
     0 | D        | Letos the Formicid Fighter began the quest for the Orb.
     0 | D        | Reached XP level 1. HP: 18/18 MP: 1/1
     4 | D        | Found a deep blue altar of Sif Muna.
     4 | D        | Found an opulent altar of Gozag.
     5 | D        | Found a radiant altar of Vehumet.
     5 | D        | Round 1.
     6 | D        | Found a glowing golden altar of the Shining One.
     6 | D        | Found a basalt altar of Yredelemnul.
     7 | D        | Found a shimmering altar of Xom.
     7 | D        | Found a blossoming altar of Fedhas.
     7 | D        | Found Tisirerr's Magic Scroll Shop.
     7 | D        | Found Siuruuk's Staff Store.
     8 | D        | Found a hide-covered altar of Uskayaw.
     8 | D        | Found Leabrepp's Magic Scroll Shop.
     8 | D        | Found Deyweo's Must-Have Magic.
    12 | D        | Became a worshipper of Gozag Ym Sagoz the Greedy
    19 | D        | Reached skill level 3 in Long Blades
    19 | D        | Reached XP level 2. HP: 16/24 MP: 2/2
    30 | D        | Reached skill level 4 in Long Blades
    30 | D        | Reached skill level 5 in Shields
    45 | D        | Reached skill level 5 in Long Blades
    45 | D        | Reached XP level 3. HP: 18/29 MP: 3/3
    52 | D        | Noticed a water moccasin
    57 | D        | Found a glowing silver altar of Zin.
    57 | D        | Found a viscous altar of Jiyva.
    58 | D        | Found an ancient bone altar of Kikubaaqudgha.
    58 | D        | Found an ornate altar of the Wu Jian Council.
    64 | D        | Killed a water moccasin
    64 | D        | Reached skill level 8 in Long Blades
    64 | D        | Reached XP level 4. HP: 10/35 MP: 4/4
    64 | D        | Reached XP level 5. HP: 12/41 MP: 5/5
    68 | D        | Arena points: 12 (+12) [x2]
   120 | D        | Round 2.
   140 | D        | Found Qyut's Identification Station.
   140 | D        | Found Wimokh's Bee Food.
   145 | D        | Found Addiule's Advanced Armour.
   145 | D        | Found Onyosog's Jewellery.
   153 | D        | Found a snail-covered altar of Cheibriados.
   153 | D        | Found a corrupted altar of Lugonu.
   165 | D        | Reached skill level 9 in Long Blades
   166 | D        | Reached XP level 6. HP: 16/47 MP: 6/6
   187 | D        | Found Ocsistae's Premium Goods.
   187 | D        | Found Falanag's Miscellaneous Merchandise.
   188 | D        | Found Faskaloi's Basic Armour.
   193 | D        | Found Jial's Weapon Rack.
   193 | D        | Found a stormy altar of Qazlal.
   193 | D        | Found an iron altar of Okawaru.
   194 | D        | Bought an uncursed amulet of regeneration for 450 gold pieces
   231 | D        | Arena points: 24 (+12) [x1]
   246 | D        | Round 3.
   248 | D        | Noticed a neqoxec
   248 | D        | Noticed a neqoxec
   257 | D        | Gained mutation: You are clumsy. (Dex -2) [a neqoxec]
   257 | D        | Slain by a neqoxec

Vault maps used:
D:        arena_sprint

Skill      XL: |  1  2  3  4  5 |
---------------+----------------+-----
Long Blades    | 3 5 8 9 |  9.8
Shields        | 4 5 7 8 |  8.8
Fighting       | |  3.2
Armour         | |  3.2

Action                   |  1- 3 |  4- 6 || total
-------------------------+-------+-------++-------
Melee: Long sword        |    25 |    24 ||    49
  Use: Potion            |     1 |       ||     1
Armor: Scale mail        |    14 |     5 ||    19
Dodge: Dodged            |     8 |     6 ||    14
Block: Shield            |    18 |     6 ||    24
       Rpst.: Long sword |     3 |     1 ||     4
